 Dungeon Crawl Stone Soup version 0.19.0-24-gb05acd6 (webtiles) character file.

224 smedtjen the Firebug (level 5, -5/32 HPs)
             Began as a High Elf Fire Elementalist on Nov 20, 2016.
             Slain by a wight
             ... wielding a cursed +4 flail
              (15 damage)
             ... on level 3 of the Dungeon.
             The game lasted 00:17:52 (4667 turns).

smedtjen the Firebug (High Elf Fire Elementalist)   Turns: 4667, Time: 00:17:53

Health: -5/32      AC:  4    Str:  7    XL:     5   Next: 67%
Magic:  0/11       EV: 11    Int: 19    God:
Gold:   110        SH:  0    Dex: 16    Spells: 2 memorised, 8 levels left

rFire  . . .     SeeInvis .     u - +4 war axe
rCold  . . .     Gourm    .     o - +0 leather armour
rNeg   . . .     Faith    .     (no shield)
rPois  .         Spirit   .     (no helmet)
rElec  .         Reflect  .     (no cloak)
rCorr  .         Harm     .     (no gloves)
MR     .....                    v - +0 pair of boots
Stlth  ++........               (no amulet)
                                (no ring)
                                (no ring)

@: heavily drained
A: no striking features
a: no special abilities


You were on level 3 of the Dungeon.
You were full.

You visited 1 branch of the dungeon, and saw 3 of its levels.

You collected 110 gold pieces.

Inventory:

Hand Weapons
 f - a +0 spear
 g - a +4 falchion
 h - a +2 falchion
 i - a +0 dagger
 n - a +0 short sword
 s - a -2 rapier
 u - a +4 war axe (weapon)
Missiles
 j - 167 stones (quivered)
 k - 44 arrows
 t - 33 bolts
Armour
 o - a +0 leather armour (worn)
 v - a +0 pair of boots (worn)
Jewellery
 l - a cursed ring of loudness
Wands
 r - a wand of paralysis (8/24)
Scrolls
 e - a scroll of immolation
 m - a scroll of enchant armour {unknown}
Potions
 a - a potion of flight {unknown}
 d - 2 potions of lignification {unknown}
 p - 3 potions of brilliance {unknown}
 w - a potion of heal wounds {unknown}
 x - a potion of mutation {unknown}
 z - a potion of degeneration {unknown}
Books
 b - a book of Flames

   Spells                             Type                      Level
   a - Flame Tongue                   Conjuration/Fire             1
   b - Throw Flame                    Conjuration/Fire             2
   c - Conjure Flame                  Conjuration/Fire             3
   d - Inner Flame                    Hexes/Fire                   3
   e - Sticky Flame                   Conjuration/Fire             4
   f - Fireball                       Conjuration/Fire             5
Comestibles
 c - 2 bread rations
 q - 2 slices of pizza


   Skills:
 + Level 0.4(0.0) Fighting
 + Level 0.5(0.0) Short Blades
 + Level 0.7(0.0) Axes
 + Level 1.1(0.0) Armour
 + Level 2.5(1.4) Dodging
 + Level 3.1(1.9) Stealth
 + Level 3.8(2.6) Spellcasting
 + Level 2.2(1.1) Conjurations
 + Level 4.3(3.1) Fire Magic


You had 8 spell levels left.
You knew the following spells:

 Your Spells              Type           Power        Failure   Level  Hunger
a - Flame Tongue          Conj/Fire      ##...        12%         1    None
b - Throw Flame           Conj/Fire      ##....       17%         2    ##.....


Dungeon Overview and Level Annotations

Branches:
Dungeon (3/15)

Altars:
Kikubaaqudgha

Annotations:
D:3 Terence


Message History

Press: ? - help, Shift-Dir - straight line, f/p - wight
Aim: a wight, wielding an enchanted flail and wearing a robe The flame tongue hits the wight.
The wight is lightly damaged.
The wight hits you with an enchanted flail.
Casting: Flame Tongue
Confirm with . or Enter, or press ? or * to list all spells.
Aiming: Flame Tongue
Press: ? - help, Shift-Dir - straight line, f/p - wight
Aim: a wight, wielding an enchanted flail and wearing a robe (lightly damaged)
The flame tongue hits the wight.
The wight is heavily damaged.
Casting: Flame Tongue
Confirm with . or Enter, or press ? or * to list all spells.
You don't have enough magic to cast that spell.
Unknown command.
You hit the wight.
The wight is severely damaged.
The wight hits you with an enchanted flail!
You die...

### #.##### #.....# #.###.#
#.# #.# ##### #.# #.#
#...########.# #.######
######.........##.###.#....##
>..........)...'@z...........
.######........##..........##
..####...#.....##....[.......
....##...#.....##............
.........#..........#+#......
.........#.....#....# ##....
.........#######..### ....
.......... ..... ...
........... ... ..


You could see a wight.

Vanquished Creatures
  3 wights
  4 adders
  A dart slug (D:2)
  2 worms (D:2)
  3 leopard geckos
  An orc (D:3)
  2 ball pythons (D:3)
  5 giant cockroaches
  4 goblins
  4 hobgoblins
  2 jackals (D:2)
  A quokka (D:3)
  9 bats
  3 frilled lizards
  7 kobolds
  6 rats
57 creatures vanquished.

Notes
Turn   | Place    | Note
-------+----------+-------------------------------------------
     0 | D:1      | smedtjen the High Elf Fire Elementalist began the quest for the Orb.
     0 | D:1      | Reached XP level 1. HP: 11/11 MP: 4/4
   318 | D:1      | Reached XP level 2. HP: 14/17 MP: 1/6
   322 | D:1      | Learned a level 2 spell: Throw Flame
  1108 | D:2      | Reached XP level 3. HP: 12/21 MP: 0/7
  1858 | D:2      | Found an ancient bone altar of Kikubaaqudgha.
  2679 | D:2      | Reached XP level 4. HP: 26/27 MP: 6/9
  3090 | D:3      | Reached skill level 4 in Fire Magic
  3779 | D:2      | Reached XP level 5. HP: 20/31 MP: 11/11
  4352 | D:3      | Noticed Terence
  4654 | D:3      | Reached skill level 1 in Armour
  4667 | D:3      | Slain by a wight

Skill      XL: |  1  2  3  4  5 |
---------------+----------------+-----
Spellcasting   | 3 |  3.8
Fire Magic     | 4 |  4.3
Stealth        | 3 |  3.1
Conjurations   | 2 |  2.2
Armour         | 1 |  1.1
Fighting       | |  0.4
Short Blades   | |  0.5
Axes           | |  0.7
Dodging        | |  2.5

Action                   |  1- 3 |  4- 6 || total
-------------------------+-------+-------++-------
Melee: Unarmed           |     5 |       ||     5
       Dagger            |    11 |     4 ||    15
       Rapier            |     9 |       ||     9
       War axe           |       |    16 ||    16
 Cast: Flame Tongue      |    48 |    28 ||    76
       Throw Flame       |    21 |    13 ||    34
  Use: Scroll            |     3 |     5 ||     8
 Stab: Sleeping          |     1 |       ||     1
  Eat: Bread ration      |     1 |       ||     1
       Chunk             |     2 |     1 ||     3
       Meat ration       |       |     2 ||     2
Armor: Robe              |     4 |       ||     4
       Leather armour    |     6 |     4 ||    10
Dodge: Dodged            |    36 |    27 ||    63
